 Dungeon Crawl Stone Soup version 0.26.1-11-gd32895ea62 (webtiles) character file.

Game seed: 17159394308060890193

415 johnnyshock00 the Skirmisher (level 6, 0/49 HPs)
             Began as a Demonspawn Abyssal Knight on July 23, 2021.
             Was a Priest of Lugonu.
             Succumbed to a gnoll's poison
             ... on level 5 of the Dungeon.
             The game lasted 00:26:54 (4495 turns).

johnnyshock00 the Skirmisher (DsAK)                 Turns: 4495, Time: 00:26:55

Health: 0/49       AC: 14    Str: 13    XL:     6   Next: 60%
Magic:  2/8        EV:  4    Int: 13    God:    Lugonu [***...]
Gold:   100        SH:  0    Dex: 18    Spells: 5/5 levels left

rFire    + . .     SeeInvis .   a - +2 mace
rCold    . . .     Faith    .   (no shield)
rNeg     . . .     Spirit   +   l - +0 plate armour
rPois    .         Reflect  .   o - +2 helmet
rElec    .         Harm     .   (no cloak)
rCorr    .         Rampage  .   (no gloves)
Will     .....                  (boots unavailable)
Stlth    ..........             g - amulet of guardian spirit
HPRegen  0.16/turn              n - +6 ring of dexterity
MPRegen  0.11/turn              (no ring)

@: lethally poisoned (0 -> -26), hasted, very quick
A: hooves 3, blurry vision 1, fire resistance 1, weak 1
a: Renounce Religion, Depart the Abyss, Bend Space, Banish


You were on level 5 of the Dungeon.
You worshipped Lugonu.
Lugonu was most pleased with you.
You visited 1 branch of the dungeon, and saw 5 of its levels.
You visited the Abyss 1 time.

You collected 188 gold pieces.
You spent 88 gold pieces at shops.

Inventory:

Hand Weapons
 a - a +2 mace (weapon)
Armour
 l - a +0 plate armour (worn)
 o - a +2 helmet (worn)
Jewellery
 g - an amulet of guardian spirit (around neck)
 n - a +6 ring of dexterity (left hand)
Wands
 i - a wand of flame (10)
 s - a wand of acid (9)
 u - a wand of enslavement (3) (quivered)
Scrolls
 f - a scroll of random uselessness
 t - a scroll of blinking {unknown}
Potions
 d - a potion of magic
 m - a potion of lignification {unknown}
 p - a potion of ambrosia
 r - a potion of brilliance


   Skills:
 + Level 4.7 Fighting
 + Level 4.2 Maces & Flails
 + Level 2.8 Armour
 + Level 1.8 Dodging
 + Level 0.9 Stealth
 + Level 3.2 Invocations


You had 5 spell levels left.
You didn't know any spells.
Your spell library was empty.

Dungeon Overview and Level Annotations

Branches:
Dungeon (5/15)             Temple (0/1) D:4

Altars:
Elyvilon
Yredelemnul

Shops:
D:4 }

Annotations:
D:5 1 transporter


Innate Abilities, Weirdness & Mutations

You have hooves in place of feet.
Your flesh is heat resistant. (rF+)
Scrolls take you a little longer to read.
You are weak. (Str -2)


Message History

* * * LOW HITPOINT WARNING * * *
You feel very sick.
Your gnoll hits the gnoll shaman but does no damage.
Found a stone staircase leading up.
Aiming: Enslavement
Press: ? - help, Q - select action, (/) - cycle Shift-Dir - straight line, f - gnoll, p - gnoll
Aim: a gnoll (chance to affect: 54%)
The gnoll resists with significant effort.
* * * LOW HITPOINT WARNING * * *
You feel sick.
The gnoll hits your gnoll with a +3 halberd of venom!
Your gnoll dies!
The gnoll hits you but does no damage.
The gnoll shaman hits you with a +0 club.
* * * LOW HITPOINT WARNING * * *
You feel yourself speed up.
* * * LOW HITPOINT WARNING * * *
You feel very sick. The gnoll barely misses you.
The gnoll hits you but does no damage. x2
You die...

... ........ ..##.....<
......#. ...... ......#
#......# #.....##
..#...".....##......###
.............#........##
####.......#..##@......#
#P8#..........#....#.###
#..#..........#gg.##
+$©#©.........gg..#
#..#........#......#
#P8#.!.<....##....##
####....g..########
g........### ..........


You could see a gnoll shaman and 3 gnolls.

Vanquished Creatures
  A scorpion (D:4)
  A hound (D:3)
  2 orc priests (D:4)
  2 orc wizards (D:4)
  A gnoll (D:5)
  7 adders
  An ufetubus (D:2)
  An ooze (D:2)
  An adder skeleton (D:5)
  5 dart slugs
  5 leopard geckos
  8 orcs
  9 bats
  5 giant cockroaches
  6 hobgoblins
  3 jackals (D:2)
  8 kobolds
  4 quokkas
  A frilled lizard (D:1)
  2 gnoll zombies (D:3)
  8 goblins
  12 rats
93 creatures vanquished.

Vanquished Creatures (others)
  A gnoll (D:5)
1 creature vanquished.

Grand Total: 94 creatures vanquished

Notes
Turn   | Place    | Note
-------+----------+-------------------------------------------
     0 | Abyss:1  | johnnyshock00 the Demonspawn Abyssal Knight began the quest
                  | for the Orb.
     0 | Abyss:1  | Reached XP level 1. HP: 18/18 MP: 2/2
     0 | D:1      | Escaped the Abyss
    59 | D:1      | Reached * piety under Lugonu
   221 | D:1      | Gained mutation: You have large cloven feet. [demonic
                  | ancestry]
   221 | D:1      | Reached XP level 2. HP: 24/24 MP: 3/3
   555 | D:1      | Gained mutation: You have hoof-like feet. [demonic
                  | ancestry]
   555 | D:1      | Reached XP level 3. HP: 29/29 MP: 4/4
   573 | D:1      | Reached ** piety under Lugonu
   884 | D:2      | Reached skill level 1 in Dodging
  1080 | D:2      | Gained mutation: Your flesh is heat resistant. (rF+)
                  | [demonic ancestry]
  1080 | D:2      | Reached XP level 4. HP: 37/37 MP: 5/5
  1246 | D:2      | Found a white marble altar of Elyvilon.
  2334 | D:3      | Reached *** piety under Lugonu
  2608 | D:3      | Found a basalt altar of Yredelemnul.
  2732 | D:3      | Reached XP level 5. HP: 42/42 MP: 2/7
  2889 | D:3      | Gained mutation: You are weak. (Str -2) [potion of
                  | mutation]
  2889 | D:3      | Gained mutation: Scrolls take you a little longer to read.
                  | [potion of mutation]
  2889 | D:3      | Gained mutation: You have hooves in place of feet. [potion
                  | of mutation]
  3286 | D:4      | Found Xuamogas's Gadget Shop.
  3363 | D:4      | Found a staircase to the Ecumenical Temple.
  3434 | D:4      | Bought a wand of enslavement (6) for 88 gold pieces
  3482 | D:4      | Got a translucent scale mail
  3785 | D:4      | Reached XP level 6. HP: 19/49 MP: 3/8
  4468 | D:5      | Entered Level 5 of the Dungeon
  4468 | D:5      | Found a transporter.
  4494 | D:5      | HP: 1/49 [poisoned by a gnoll]
  4495 | D:5      | Succumbed to a gnoll's poison

Illustrated notes

Levels and vault maps discovered:
D:1:      lightli_arrival_isolated_outpost, layout_rooms,
          hangedman_feature_mirror, nrook_campfire, wad_floor_pattern_untrapped
D:2:      layout_loops_ring, minmay_misc_feat_rows, elyvilon_altar_1
D:3:      layout_basic, lemuel_zombie_altar_yredelemnul
D:4:      layout_gridville, minmay_temple_entry_butterflies, serial_shops, shop,
          corexii_leaking_fountain
D:5:      gammafunk_steamed_eel, layout_cave_pools, old_standard_altar,
          vehumet_altar_wand_db, grunt_gozag_breadcrumbs, uniq_pikel,
          uniq_sigmund

Skill      XL: |  1  2  3  4  5  6 |
---------------+-------------------+-----
Maces & Flails | 2 3 4 |  4.2
Armour         | 2 |  2.8
Dodging        | 1 |  1.8
Fighting       | 4 |  4.7
Invocations    | 3 |  3.2
Stealth        | |  0.9

Action                   |  1- 3 |  4- 6 || total
-------------------------+-------+-------++-------
Melee: Mace              |    97 |   170 ||   267
       Kick              |    13 |    43 ||    56
Invok: Depart the Abyss  |     1 |       ||     1
       Bend Space        |       |     2 ||     2
       Banish            |       |     3 ||     3
Evoke: Wand              |       |     3 ||     3
  Use: Scroll            |     4 |     6 ||    10
       Potion            |     3 |     5 ||     8
Armor: Leather armour    |    54 |    22 ||    76
       Plate armour      |       |   150 ||   150
       Ring mail         |       |     1 ||     1
Dodge: Dodged            |    77 |    89 ||   166
